Map: Jagannatha LE

Players

PattyMac

  • Race: Protoss Protoss
  • League: Grandmaster

Nina - Winner!

  • Race: Protoss Protoss
  • League: Grandmaster

Event: DreamHack SC2 Masters 2021 Summer

VOD

Have the link to the VOD?

Description

Time

  • Played on: May 25, 2021, 5:27 p.m.
  • Length: 7:21

All games in this series

Show
View Real Time Build Order
Export as new Build Order

PattyMac Protoss 

Build Orders:  

Get SALT Encoding   

  12  0:00  Probe  
  13  0:12  Probe  
  14  0:17  Pylon  
  14  0:24  Probe (Chrono Boost)  
  16  0:37  Probe (Chrono Boost), Gateway  
  16  0:41  Probe (Chrono Boost)  
  16  0:46  Assimilator  
  17  0:52  Probe (Chrono Boost)  
  17  0:54  Assimilator  
  19  1:04  Probe (Chrono Boost)  
  19  1:07  Gateway  
  19  1:13  Probe (Chrono Boost)  
  20  1:18  Probe  
  20  1:24  Cybernetics Core  
  21  1:30  Probe  
  22  1:34  Pylon  
  22  1:43  Probe  
  23  1:58  Warp Gate (Chrono Boost)  
  24  2:01  Gateway  
  24  2:04  Stalker  
  24  2:08  Stalker  
  27  2:13  Probe  
  28  2:21  Pylon  
  28  2:34  Stalker  
  30  2:39  Stalker  
  32  2:46  Shield Battery  
  32  2:48  Stalker  
  34  3:27  Nexus  
  34  3:32  Pylon  
  34  3:40  Stalker x2  
  39  3:48  Probe  
  39  3:52  Sentry  
  41  3:56  Stargate  
  41  4:05  Stalker  
  41  4:07  Stalker  
  45  4:19  Shield Battery  
  45  4:23  Sentry  
  45  4:25  Probe  
  45  4:32  Stalker  
  45  4:35  Void Ray (Chrono Boost)  
  47  4:45  Probe x2  
  49  4:59  Stalker  
  50  5:00  Stalker  
  49  5:10  Phoenix  
  47  5:20  Probe (Chrono Boost)  
  48  5:27  Probe (Chrono Boost)  
  49  5:28  Probe (Chrono Boost)  
  50  5:38  Probe (Chrono Boost)  
  52  5:45  Probe (Chrono Boost)  
  52  5:46  Probe (Chrono Boost)  
  52  5:49  Pylon  
  53  5:53  Pylon  
  53  5:54  Probe  
  54  6:03  Probe  
  50  6:16  Probe (Chrono Boost)  
  52  6:19  Sentry x2  
  52  6:21  Probe (Chrono Boost)  
  57  6:26  Probe (Chrono Boost)  
  57  6:27  Twilight Council  
  57  6:29  Probe (Chrono Boost)  
  59  6:35  Probe (Chrono Boost)  
  59  6:39  Probe (Chrono Boost)  
  52  6:43  Stalker  
  52  6:44  Probe (Chrono Boost)  
  45  7:00  Probe (Chrono Boost)  
  34  7:02  Stalker  
  34  7:06  Pylon  
  37  7:09  Probe (Chrono Boost)  
  37  7:12  Probe (Chrono Boost)  
  36  7:16  Stalker  
Show
View Real Time Build Order
Export as new Build Order

Nina Protoss - Winner!

Build Orders: Oracle Opening 

Get SALT Encoding   

  12  0:00  Probe  
  13  0:12  Probe  
  14  0:17  Pylon  
  14  0:24  Probe (Chrono Boost)  
  15  0:36  Probe (Chrono Boost)  
  15  0:38  Gateway  
  16  0:45  Probe (Chrono Boost)  
  16  0:49  Assimilator  
  17  0:51  Probe  
  18  0:59  Assimilator  
  18  1:03  Probe (Chrono Boost)  
  19  1:13  Probe (Chrono Boost)  
  19  1:14  Gateway  
  19  1:18  Probe (Chrono Boost)  
  21  1:27  Cybernetics Core  
  21  1:30  Probe  
  22  1:41  Pylon  
  22  1:43  Probe  
  23  1:59  Probe  
  24  2:04  Stalker x2  
  28  2:11  Probe  
  28  2:14  Pylon  
  29  2:19  Warp Gate (Chrono Boost)  
  29  2:23  Probe  
  30  2:36  Stargate  
  30  2:43  Probe  
  31  2:46  Stalker  
  33  2:54  Stalker  
  35  2:59  Probe  
  35  3:03  Pylon  
  36  3:22  Oracle (Chrono Boost)  
  39  3:28  Shield Battery  
  39  3:31  Pylon  
  39  3:43  Pylon  
  39  3:54  Oracle (Chrono Boost)  
  42  3:58  Probe  
  42  4:02  Zealot  
  45  4:04  Stalker  
  47  4:10  Probe  
  48  4:22  Probe  
  49  4:30  Stalker x2  
  52  4:35  Probe  
  53  4:48  Probe  
  54  4:54  Twilight Council  
  54  4:56  Nexus  
  54  5:07  Probe  
  55  5:16  Stalker x2  
  55  5:17  Pylon  
  55  5:19  Probe  
  55  5:20  Gateway  
  60  5:25  Blink (Chrono Boost)  
  60  5:32  Probe  
  61  5:41  Stalker  
  63  5:44  Probe  
  63  5:49  Forge  
  64  5:54  Stalker  
  66  6:15  Stalker x2  
  66  6:16  Probe  
  66  6:17  Shield Battery  
  69  6:22  Photon Cannon  
  68  6:28  Photon Cannon  
  68  6:29  Probe  
  68  6:31  Probe  
  64  6:43  Stalker x2  
  64  6:44  Probe  
  63  6:59  Probe, Stalker  
  58  7:03  Assimilator  
  58  7:06  Pylon, Stalker  
  58  7:07  Stalker  
  62  7:09  Gateway  
Tags
 
Add a new tag
Caveats
  • Supply blocks, unpowered buildings, or Contaminate may cause inaccurate times.
  • Supply counts are checked every 10 seconds.